 Dungeon Crawl Stone Soup version 0.15-a0-1808-ge879653 (webtiles) character file.

814 DayBay the Basher (level 7, -5/56 HPs)
             Began as a Minotaur Gladiator on July 1, 2014.
             Was an Initiate of Fedhas.
             Slain by an orc warrior
             ... wielding a +0 glaive
              (25 damage)
             ... on Level 6 of the Dungeon.
             The game lasted 00:18:36 (5666 turns).

DayBay the Basher (Minotaur Gladiator)              Turns: 5666, Time: 00:18:36

HP  -5/56        AC  8     Str 19      XL: 7   Next: 62%
MP   3/3         EV 10     Int  5      God: Fedhas [......]
Gold 272         SH  0     Dex 13      Spells:  0 memorised,  6 levels left

rFire  . . .     SeeInvis .     t - +2 whip (venom)
rCold  . . .     Clarity  .     r - +0 ring mail
rNeg   . . .     rCorr    .     (no shield)
rPois  .         rRot     .     c - +0 hat
rElec  .         Spirit   .     p - +2 cloak
SustAb .         Warding  .     (no gloves)
rMut   .         Stasis   .     (no boots)
Gourm  .                        (no amulet)
MR     .....                    (no ring)
                                (no ring)

@: not resistant to hostile enchantments, very unstealthy
A: retaliatory headbutt, horns 2
a: Renounce Religion


You were on level 6 of the Dungeon.
You worshipped Fedhas.
Fedhas was noncommittal.
You were hungry.

You visited 2 branches of the dungeon, and saw 7 of its levels.

You collected 272 gold pieces.

Inventory:

Hand weapons
 t - a +2 whip of venom (weapon)
 B - a +0 flail of protection
Missiles
 d - 4 throwing nets (quivered)
 m - 18 stones
 E - 2 javelins
Armour
 c - a +0 hat (worn)
 p - a +2 cloak (worn)
 r - a +0 ring mail (worn)
Magical devices
 q - a wand of polymorph (10)
Comestibles
 f - 4 bread rations
 g - 2 fruits
 h - a royal jelly
 j - 4 beef jerkies
 k - 5 meat rations
 v - 2 slices of pizza
Scrolls
 a - 3 scrolls of blinking {unknown}
 b - 2 scrolls of remove curse
 i - a scroll of noise
 l - 2 scrolls of teleportation
 n - a scroll of identify
 A - a scroll of enchant weapon {unknown}
 C - a scroll of acquirement {unknown}
Jewellery
 z - a cursed -2 ring of evasion
 F - an uncursed ring of positive energy {unknown}
Potions
 e - 3 potions of curing {unknown}
 o - a potion of restore abilities {unknown}
 s - a potion of confusion {unknown}
 u - a potion of lignification {unknown}
 w - a potion of cure mutation {unknown}
 x - a potion of degeneration {unknown}
Books
 y - a book of Envenomations

   Spells                             Type                      Level
   Spider Form                        Transmutation/Poison         3
   Alistair's Intoxication            Transmutation/Poison         4
   Olgreb's Toxic Radiance            Poison                       4
   Poisonous Cloud                    Conjuration/Poison/Air       6
 D - a book of Debilitation

   Spells                             Type                      Level
   Corona                             Hexes                        1
   Slow                               Hexes                        2
   Inner Flame                        Hexes/Fire                   3
   Enslavement                        Hexes                        4
   Cause Fear                         Hexes                        4
   Leda's Liquefaction                Hexes/Earth                  4


   Skills:
 - Level 2.4 Fighting
 + Level 10.8 Maces & Flails
 - Level 2.0 Throwing
 - Level 3.2 Dodging


You had 6 spell levels left.
You didn't know any spells.

Dungeon Overview and Level Annotations

Branches:
Dungeon (6/15)             Temple (1/1) D:5

Altars:
Ashenzari
Cheibriados
Dithmenos
Elyvilon
Fedhas
Gozag
Kikubaaqudgha
Makhleb
Nemelex Xobeh
Okawaru
Qazlal
Sif Muna
Trog
Vehumet
Xom
Yredelemnul
Zin
The Shining One

Shops:
D:4 [


Innate Abilities, Weirdness & Mutations

You reflexively headbutt those who attack you in melee.
You have a pair of horns on your head.


Message History

Fedhas appreciates your contribution to the ecosystem.
Fedhas is noncommittal.
The orc warrior barely misses you.
The orc shouts!
The orc warrior hits you with a glaive!!
You hit the orc warrior.
The orc warrior is poisoned.
The orc warrior is lightly wounded.
You hit the orc warrior.
The orc warrior looks even sicker.
You headbutt the orc warrior, but do no damage.
The orc warrior is moderately wounded.
You barely miss the orc warrior.
The orc warrior is moderately wounded.
The orc warrior hits you with a glaive!
You closely miss the orc warrior. Your headbutt misses the orc warrior.
The orc warrior is moderately wounded.
You hit the orc warrior but do no damage.
The orc warrior is moderately wounded.
The orc warrior hits you with a glaive!!
You die...
Fedhas appreciates your contribution to the ecosystem.

# ##.."###### #. ...........(.
#.# ............o.o #.#
............... #.#
...........o... #.# .
#..............o. #.#
..#......)o############# #.#
......#####Po...........# #.#
......# ##@###########.## ..#
......# #.(# #..# #####......#
##.#############.## ....##.....#
#.................#
..#.##.....###.###############.##
..#........##..# #..#
...........##.## ##.#
....##.....#...# #...
.##.##.....#.#.## #.#.


You could see an orc warrior and an orc.

Vanquished Creatures
  The ghost of Mygna the Slasher, an average HaFi (D:3)
  Sigmund (D:2)
  A giant frog (D:5)
  A crimson imp (D:4)
  A giant frog skeleton (D:5)
  Crazy Yiuf (D:2)
  A hound (D:5)
  5 orc wizards
  A worker ant (D:5)
  An iguana (D:6)
  A worker ant zombie (D:3)
  8 adders
  3 gnolls (D:5)
  2 giant mites (D:1)
  An adder skeleton (D:6)
  6 giant geckos
  An ooze (D:4)
  12 orcs
  8 giant cockroaches
  11 goblins
  16 hobgoblins
  4 ball pythons
  9 bats
  A giant gecko skeleton (D:5)
  4 giant newts
  A goblin zombie (D:5)
  7 jackals
  12 kobolds
  3 quokkas
  9 rats
133 creatures vanquished.

Vanquished Creatures (others)
  2 toadstools
2 creatures vanquished.

Grand Total: 135 creatures vanquished

Notes
Turn   | Place    | Note
--------------------------------------------------------------
     0 | D:1      | DayBay, the Minotaur Gladiator, began the quest for the Orb.
     0 | D:1      | Reached XP level 1. HP: 18/18 MP: 1/1
   150 | D:1      | Reached skill level 4 in Maces & Flails
   150 | D:1      | Reached XP level 2. HP: 9/25 MP: 1/1
   690 | D:1      | Reached skill level 5 in Maces & Flails
  1028 | D:1      | Reached XP level 3. HP: 26/30 MP: 2/2
  1652 | D:2      | Noticed Crazy Yiuf
  1661 | D:2      | Killed Crazy Yiuf
  1661 | D:2      | Reached skill level 6 in Maces & Flails
  1661 | D:2      | Reached XP level 4. HP: 37/37 MP: 2/2
  1842 | D:2      | Noticed Sigmund
  1864 | D:2      | Killed Sigmund
  1864 | D:2      | Reached skill level 7 in Maces & Flails
  1864 | D:2      | Reached XP level 5. HP: 20/42 MP: 2/2
  2553 | D:3      | Reached skill level 8 in Maces & Flails
  2558 | D:3      | Reached XP level 6. HP: 38/50 MP: 3/3
  3207 | D:3      | Noticed Mygna's ghost (average HaFi)
  3222 | D:3      | Killed Mygna's ghost
  3222 | D:3      | Reached skill level 9 in Maces & Flails
  4022 | D:4      | Found Jutul's Antique Armour Emporium.
  4165 | D:5      | Entered Level 5 of the Dungeon
  4291 | D:5      | Reached XP level 7. HP: 51/56 MP: 3/3
  4493 | D:5      | Reached skill level 10 in Maces & Flails
  4968 | D:5      | Found a staircase to the Ecumenical Temple.
  4985 | Temple   | Entered the Ecumenical Temple
  5090 | Temple   | Became a worshipper of Fedhas Madash
  5666 | D:6      | Slain by an orc warrior

Action                   |  1- 3 |  4- 6 |  7- 9 || total
-------------------------+-------+-------+-------++-------
Melee: Flail             |    71 |    75 |       ||   146
       Whip              |       |   112 |    78 ||   190
Throw: Throwing net      |     2 |       |       ||     2
Evoke: Wand              |       |     1 |       ||     1
  Use: Scroll            |       |     4 |     2 ||     6
